 Dungeon Crawl Stone Soup version 0.30-a0-341-g682706514a (webtiles) character file.

Game seed: 7987292389985018789

126 MarcoDev the Caller (level 4, -7/24 HPs)
             Began as a Deep Elf Summoner on Nov 4, 2022.
             Mangled by Natasha (9 damage)
             ... on level 3 of the Dungeon.
             The game lasted 00:08:14 (2383 turns).

MarcoDev the Caller (Deep Elf Summoner)             Turns: 2383, Time: 00:08:15

Health: -7/24      AC:  2    Str:  5    XL:     4   Next: 84%
Magic:  7/12       EV: 13    Int: 22    God:
Gold:   108        SH:  0    Dex: 15    Spells: 2/11 levels left

rFire   . . .      SeeInvis .    m - +0 sling
rCold   . . .      Faith    .    (no shield)
rNeg    . . .      Spirit   .    a - +0 robe
rPois   .          Reflect  .    (no helmet)
rElec   .          Harm     .    (no cloak)
rCorr   .          Rampage  .    (no gloves)
Will    .....                    (no boots)
Stlth   ++........               (no amulet)
HPRegen 0.24/turn                (no ring)
MPRegen 0.13/turn                (no ring)

@: slowed, very slow
A: no striking features
a: no special abilities


You were on level 3 of the Dungeon.
You visited 1 branch of the dungeon, and saw 3 of its levels.

You collected 108 gold pieces.

Inventory:

Hand Weapons
 m - a +0 sling (weapon)
Missiles
 n - 34 stones
Armour
 a - a +0 robe (worn)
Scrolls
 c - 2 scrolls of teleportation {unknown}
 e - 2 scrolls of enchant weapon {unknown}
 g - 3 scrolls of identify
 h - a scroll of noise {unknown}
 k - a scroll of fear {unknown}
 l - a scroll of butterflies {unknown}
Potions
 b - a potion of magic
 d - 2 potions of curing
 f - a potion of degeneration {unknown}
 i - 2 potions of invisibility {unknown}
 j - a potion of heal wounds {unknown}
 o - a potion of flight {unknown}
 p - a potion of lignification {unknown}


   Skills:
 + Level 0.8 Ranged Weapons
 + Level 3.5 Dodging
 - Level 3.4 Stealth
 + Level 4.0 Spellcasting
 * Level 5.5 Summonings


You had 2 spell levels left.
You knew the following spells:

 Your Spells              Type           Power      Damage    Failure   Level
a - Summon Small Mammal   Summ           100%       N/A       1%          1
b - Call Imp              Summ           28%        N/A       1%          2
c - Call Canine Familiar  Summ           28%        N/A       3%          3
d - Summon Guardian Gole  Hex/Summ       16%        N/A       11%         3

Your spell library contained the following spells:

 Spells                   Type           Power      Damage    Failure   Level
 Summon Lightning Spire   Summ/Air       16%        N/A       34%         4


Dungeon Overview and Level Annotations

Branches:
Dungeon (3/15)

Altars:
Makhleb

Annotations:
D:3 Natasha


Message History

Really fire in your hound's direction? [Y]es or [N]o only, please.
Really fire in your hound's direction?
Okay, then.
The hobgoblin closely misses your hound.
Your hound closely misses the hobgoblin.
Your hound bites the hobgoblin but does no damage.
The hobgoblin hits your hound.
Your hound bites the hobgoblin.
Casting: Call Canine Familiar (quite dangerous; 3% risk of failure)
Confirm with . or Enter, or press ? or * to list all spells.
The spell is quite dangerous to miscast (11% risk of failure)!
Continue anyway?
A guardian golem appears, shielding your allies.
The hobgoblin barely misses your hound.
A rat comes into view.
Your hound closely misses the hobgoblin.
Your hound bites the hobgoblin.
The hobgoblin closely misses your hound.
Casting: Summon Guardian Golem (quite dangerous; 11% risk of failure)
Confirm with . or Enter, or press ? or * to list all spells.
A beastly little devil appears in a puff of flame.
Your hound closely misses the hobgoblin.
Your hound bites the hobgoblin.
The hobgoblin dies!
Natasha casts a spell at you.
You feel yourself slow down. Something hits your hound!
Your crimson imp barely misses Natasha.
Natasha claws you!
Your crimson imp blinks!
Your hound bites Natasha but does no damage.
Natasha closely misses you.
The iron imp picks up a beetle and eats it.
Natasha attacks as you move away! Natasha closely misses you.
Your hound barely misses Natasha.
Your hound bites Natasha.
Natasha casts a spell at you. The magic dart hits you.
The rat bites your hound. The iron imp misses your hound.
Your hound bites the rat.
The rat dies!
The iron imp misses your crimson imp. Natasha claws you!
* * * LOW HITPOINT WARNING * * *
Your hound barely misses Natasha.
Your hound bites Natasha.
Natasha claws you!
You die...

.......###.#...# #....# .
...........##### ..####....#...
........#### ..............
###.#################### #r#
##...............##.#.###.#####
##...............†...#.........##
.....#######......#..#.#........#
##.#.# ###'#..h5...'........#
.<.#.# #..@h9.5†##.5.......
####.# #....###..†......... #.#
##.>...#..#......... #.#
#.#.###..#......... ####.########
##### ###########.. .............
.. ####.#######. .....# ######


You could see an iron imp (summoned), Natasha (ally target), a friendly guardian
golem (summoned), a friendly hound (summoned, sheltered) and a friendly crimson
imp (summoned, sheltered).

Vanquished Creatures
  2 orcs (D:3)
  A ball python (D:3)
  2 bats (D:3)
  2 giant cockroaches
  A goblin (D:3)
  2 kobolds (D:3)
10 creatures vanquished.

Vanquished Creatures (collateral kills)
  7 adders
  3 dart slugs
  An orc (D:3)
  6 endoplasms
  A giant cockroach (D:2)
  3 goblins
  4 hobgoblins
  2 quokkas
  6 ball pythons
  5 bats
  A frilled lizard (D:2)
  3 rats
42 creatures vanquished.

Grand Total: 52 creatures vanquished

Notes
Turn   | Place    | Note
-------+----------+-------------------------------------------
     0 | D:1      | MarcoDev the Deep Elf Summoner began the quest for the Orb.
     0 | D:1      | Reached XP level 1. HP: 10/10 MP: 6/6
   116 | D:1      | Reached XP level 2. HP: 9/15 MP: 6/8
   880 | D:1      | Learned a level 2 spell: Call Imp
  1025 | D:2      | Found a burning altar of Makhleb.
  1068 | D:2      | Reached XP level 3. HP: 19/19 MP: 7/9
  1072 | D:2      | Learned a level 3 spell: Call Canine Familiar
  1159 | D:2      | Reached skill level 5 in Summonings
  1471 | D:2      | Reached XP level 4. HP: 24/24 MP: 11/11
  1482 | D:2      | Learned a level 3 spell: Summon Guardian Golem
  2132 | D:3      | Found a faded altar of an unknown god.
  2369 | D:3      | Noticed Natasha
  2383 | D:3      | Mangled by Natasha

Illustrated notes

Levels and vault maps discovered:
D:1:      co_arrival_square_in_a_square_in_a_square, layout_basic,
          minmay_heptomino_o4
D:2:      layout_loops_ring, basic_altar
D:3:      minmay_recursive_quarters, layout_basic,
          nicolae_sif_muna_little_library,
          hellmonk_ecumenical_altar_pennies_from_heaven, uniq_jessica,
          uniq_natasha, uniq_crazy_yiuf_cottage

Skill      XL: |  1  2  3  4 |
---------------+-------------+-----
Dodging        | 3 |  3.5
Stealth        | 3 |  3.4
Summonings     | 5 |  5.5
Spellcasting   | 4 |  4.0
Ranged Weapons | |  0.8

Action                   |  1- 3 |  4- 6 || total
-------------------------+-------+-------++-------
Melee: Unarmed           |    29 |       ||    29
       Punch             |     1 |       ||     1
 Fire: Sling             |       |    28 ||    28
 Cast: Summon Small Mamm |    25 |       ||    25
       Call Imp          |     3 |     1 ||     4
       Call Canine Famil |     3 |     5 ||     8
       Summon Guardian G |       |     1 ||     1
  Use: Scroll            |       |     1 ||     1
       Potion            |       |     1 ||     1
Armor: Robe              |    23 |       ||    23
Dodge: Dodged            |    40 |    10 ||    50

Table legend: (Time is in decaauts)
 A = Elapsed time spent in this place.
 B = Non-inter-level travel time spent in this place.
 C = Inter-level travel time spent in this place.
 D = Time resting spent in this place.
 E = Time spent auto-exploring this place.
 F = Levels seen in this place.
 G = Mean time per level.
                   A        B        C        D        E       F      G
               +--------+--------+--------+--------+--------+-----+--------+
         Total |   2397 |   2254 |    143 |     49 |   1612 |   3 |  799.0 |
       Dungeon |   2397 |   2254 |    143 |     49 |   1612 |   3 |  799.0 |
               +--------+--------+--------+--------+--------+-----+--------+

Top non-repeatable levels by time:
     D:2: 1093 daAuts
     D:1: 1011 daAuts
     D:3: 292 daAuts
